 Dungeon Crawl Stone Soup version 0.30.0-5-g1a98f26d00 (webtiles) character file.

Game seed: 17989750950966033076

2094 greasedhog the Basher (level 9, -2/59 HPs)
             Began as a Gargoyle Fighter on May 11, 2023.
             Slain by a troll (10 damage)
             ... on level 5 of the Dungeon.
             The game lasted 00:08:31 (4770 turns).

greasedhog the Basher (Gargoyle Fighter)            Turns: 4770, Time: 00:08:31

Health: -2/59      AC: 20    Str: 23    XL:     9   Next: 27%
Magic:  9/9        EV:  6    Int: 10    God:
Gold:   360        SH:  4    Dex:  9    Spells: 8/8 levels left

rFire   . . .        a - +0 flail
rCold   . . .        c - +0 buckler
rNeg    + . .        j - +0 plate armour
rPois   ∞            i - +0 helmet
rElec   +            (no cloak)
rCorr   .            y - +0 pair of gloves
SInv    .            (no boots)
Will    .....        r - amulet of the acrobat Stlth
                     e - +4 ring of slaying
HPRegen 0.29/turn    (no ring)
MPRegen 0.11/turn

%: acrobat
@: hasted, very quick
A: sickness immunity, AC +6, negative energy resistance 1, electricity
resistance, torment resistance 1, petrification resistance
a: no special abilities


You were on level 5 of the Dungeon.
You visited 2 branches of the dungeon, and saw 7 of its levels.
You also visited: Ossuary.

You collected 380 gold pieces.
You spent 20 gold pieces at shops.

Inventory:

Hand Weapons
 a - a +0 flail (weapon)
Armour
 c - a +0 buckler (worn)
 i - a +0 helmet (worn)
 j - a +0 plate armour (worn)
 y - a +0 pair of gloves (worn)
Jewellery
 e - a +4 ring of slaying (left hand)
 r - an amulet of the acrobat (around neck)
 x - a ring of see invisible
Scrolls
 b - 2 scrolls of poison
 f - a scroll of amnesia
 g - 2 scrolls of fear
 k - 6 scrolls of enchant armour {unknown}
 l - a scroll of fog {unknown}
 m - 2 scrolls of magic mapping
 p - a scroll of teleportation {unknown}
 q - a scroll of noise {unknown}
 s - 3 scrolls of vulnerability {unknown}
Potions
 d - a potion of cancellation {unknown}
 h - 3 potions of curing {unknown}
 n - 4 potions of degeneration {unknown}
 o - a potion of resistance {unknown}
 t - a potion of ambrosia {unknown}
 u - 2 potions of haste
 v - 4 potions of invisibility {unknown}
 w - 2 potions of flight {unknown}
 z - a potion of lignification {unknown}


   Skills:
 + Level 8.2 Fighting
 * Level 10.0 Maces & Flails
 - Level 3.2 Armour
 - Level 3.2 Shields


You had 8 spell levels left.
You didn't know any spells.
Your spell library contained the following spells:

 Spells                   Type           Power      Damage    Failure   Level
 Lesser Beckoning         Tloc           0%         N/A       100%        2
 Gell's Gravitas          Tloc           0%         N/A       100%        3
 Teleport Other           Tloc           0%         N/A       100%        3


Dungeon Overview and Level Annotations

Branches:
Dungeon (6/15)             Temple (1/1) D:5         Ossuary (visited)

Altars:
Ashenzari
Cheibriados
Dithmenos
Elyvilon
Fedhas
Gozag
Hepliaklqana
Kikubaaqudgha
Makhleb
Nemelex Xobeh
Okawaru
Ru
Sif Muna
Uskayaw
Wu Jian
Xom
Yredelemnul
Zin
The Shining One

Shops:
D:1 ==?([   D:4 :

Annotations:
Temple 2 transporters


Innate Abilities, Weirdness & Mutations

You are immune to sickness and miasma.
Your stone body is resilient. (AC +6)
You are immune to poison.
You resist negative energy. (rN+)
You are resistant to electric shocks. (rElec)
You are resistant to unholy torment.
You are immune to petrification.


Message History

The ice beast hits you. The ice beast freezes you!
You sock the ice beast!
You kill the ice beast!
Your Maces & Flails skill increases to level 10!
No target in view!
No target in view!
HP restored.
You now have 342 gold pieces (gained 12).
There is a stone staircase leading up here.
You now have 360 gold pieces (gained 18).
z - a fuming pink potion A troll comes into view.
Found a scroll labelled RYOGHIETWA.
The troll shouts!
A jelly comes into view.
You see here 12 gold pieces.
There are monsters nearby!
An adder comes into view.
There is a stone staircase leading up here.
The troll bites you. The troll claws you but does no damage.
You block the troll's attack.
You climb upwards.
There is a stone staircase leading down here.
You hit the troll but do no damage. The troll bites you!
The troll claws you but does no damage. You block the troll's attack.
You barely miss the troll. The troll bites you but does no damage.
The troll claws you but does no damage. The troll barely misses you.
You barely miss the troll. The troll barely misses you. The troll claws you.
The troll barely misses you.
You barely miss the troll. The troll bites you. The troll claws you!
The troll claws you but does no damage.
You sock the troll!
The troll is moderately wounded.
The troll bites you but does no damage. The troll claws you!
* * * LOW HITPOINT WARNING * * *
The troll claws you but does no damage.
You feel yourself speed up. The troll bites you!
* * * LOW HITPOINT WARNING * * *
The troll claws you!
You die...

##.#.#...#.##.....#
.#.#.#.#.#.##.....#
.#.#.#.#.#........#
.#.#.#.#.#.##.....#
.#.#.#.#.#........######
.#.#.#<#).....#.###....##########
.#.#....).....#........#......#..
...######.....#####....#.####.#.#
................@##....#.##.#.#.#
#########.....##T##....#.#..#.#.#
#.....##.##....#.#..#.#.#
#.....##.##....#.#.......
#.....##.##.......#...#.#
#.....##.#####........#.#
#.....##.# #.######.#.#
####.....##.#####.# #.#.#
#........##.#.....#### #.#.#


You could see a troll.

Vanquished Creatures
  Pikel (D:5)
  Grinder (D:4)
  Eustachio (D:4)
  A steam dragon (D:5)
  Edmund (D:5)
  An ice beast (D:6)
  2 elf zombies (Ossuary)
  A gnoll sergeant (D:5)
  2 scorpions
  The ghost of Valagong the Trooper, a weakling MiFi (D:3)
  A howler monkey (D:4)
  A jelly (D:5)
  An orc priest (D:3)
  4 hounds
  Terence (D:2)
  5 orc wizards
  A hound zombie (Ossuary)
  4 mummies (Ossuary)
  Robin (D:4)
  3 gnolls (D:5)
  4 adders
  2 worms
  6 dart slugs
  25 orcs
  9 endoplasms
  6 giant cockroaches
  12 goblins
  7 hobgoblins
  6 quokkas
  10 ball pythons
  8 bats
  5 frilled lizards
  2 gnoll zombies (Ossuary)
  2 goblin zombies (Ossuary)
  3 hobgoblin zombies (Ossuary)
  7 kobolds
  A kobold zombie (Ossuary)
  An orc zombie (Ossuary)
  6 rats
156 creatures vanquished.

Notes
Turn   | Place    | Note
-------+----------+-------------------------------------------
     0 | D:1      | greasedhog the Gargoyle Fighter began the quest for the
                  | Orb.
     0 | D:1      | Reached XP level 1. HP: 14/14 MP: 1/1
   151 | D:1      | Found Miqo's Jewellery Shop.
   178 | D:1      | Reached XP level 2. HP: 19/19 MP: 2/2
   236 | D:1      | Found Ixakk's Jewellery Shop.
   370 | D:1      | Found Luazor's Magic Scroll Shoppe.
   386 | D:1      | Bought a scroll of identify for 20 gold pieces
   419 | D:1      | Found Vifrylat's Antique Weapon Emporium.
   431 | D:1      | Reached skill level 3 in Maces & Flails
   431 | D:1      | Reached XP level 3. HP: 24/24 MP: 3/3
   501 | D:1      | Found Zucuas's Armour Emporium.
   993 | D:2      | Noticed Terence
   996 | D:2      | Killed Terence
   997 | D:2      | Reached XP level 4. HP: 27/29 MP: 4/4
  1196 | D:2      | Reached skill level 4 in Maces & Flails
  1618 | D:3      | Noticed a scorpion
  1621 | D:3      | Noticed Valagong's ghost (weakling MiFi)
  1622 | D:3      | Found a transporter.
  1764 | D:3      | Reached XP level 5. HP: 34/34 MP: 5/5
  2112 | D:3      | Found a transporter.
  2381 | D:3      | Reached skill level 5 in Maces & Flails
  2381 | D:3      | Reached XP level 6. HP: 27/40 MP: 6/6
  2387 | D:3      | Killed Valagong's ghost
  2388 | D:3      | Reached skill level 5 in Fighting
  2511 | D:4      | Found Ubruhit's Self-Improvement Boutique.
  2595 | D:4      | Noticed Grinder
  2598 | D:4      | Noticed Robin
  2621 | D:4      | Killed Robin
  2626 | D:4      | Paralysed by Grinder for 5 turns
  2632 | D:4      | Killed Grinder
  2633 | D:4      | Reached skill level 6 in Maces & Flails
  2633 | D:4      | Reached XP level 7. HP: 36/45 MP: 7/7
  2643 | D:4      | Found a sand-covered staircase.
  2650 | Ossuary  | Entered an ossuary
  2712 | Ossuary  | Reached skill level 7 in Maces & Flails
  3116 | D:4      | Noticed Eustachio
  3124 | D:4      | Killed Eustachio
  3125 | D:4      | Reached XP level 8. HP: 40/52 MP: 8/8
  3314 | D:4      | Reached skill level 8 in Maces & Flails
  3488 | D:5      | Entered Level 5 of the Dungeon
  3628 | D:5      | Noticed Pikel
  3639 | D:5      | Killed Pikel
  3640 | D:5      | Reached skill level 9 in Maces & Flails
  3731 | D:5      | Reached XP level 9. HP: 51/58 MP: 9/9
  3912 | D:5      | Found a staircase to the Ecumenical Temple.
  3937 | Temple   | Entered the Ecumenical Temple
  3937 | Temple   | Found a transporter.
  3937 | Temple   | Found a transporter.
  3951 | Temple   | Found a transporter.
  3951 | Temple   | Found a transporter.
  4011 | D:5      | Noticed Edmund
  4021 | D:5      | Killed Edmund
  4660 | D:6      | Reached skill level 10 in Maces & Flails
  4756 | D:6      | Noticed a troll
  4770 | D:5      | Slain by a troll

Illustrated notes

Levels and vault maps discovered:
D:1:      minmay_arrival_plants_in_alcoves, layout_loops_ring, serial_shops,
          nicolae_shop_gaudy_bauble, nicolae_shop_tiny_glass,
          nicolae_shop_tiny_glass, shop, shop
D:2:      layout_basic, item_on_display_a, uniq_terence
D:3:      layout_basic, gammafunk_ghost_arena, minmay_misc_feat_four_crosses,
          st_stairs_8
D:4:      layout_basic, chequers_ossuary_entry_cave, grunt_ministairs_3,
          nicolae_shop_self_help, uniq_grinder, uniq_robin, uniq_eustachio
D:5:      layout_basic, temple_pool_b, kennysheep_dice, uniq_pikel, uniq_edmund
D:6:      layout_basic, vehumet_statue, amcnicky_mini_pool_small, uniq_menkaure
Temple:   hellmonk_temple_divided_pantheon

Skill      XL: |  1  2  3  4  5  6  7  8  9 |
---------------+----------------------------+-----
Maces & Flails | 3 4 5 6 7 9 10 | 10.0
Fighting       | 4 5 6 7 8 |  8.2
Armour         | |  3.2
Shields        | |  3.2

Action                     |  1- 3 |  4- 6 |  7- 9 || total
---------------------------+-------+-------+-------++-------
  Melee: Flail             |   111 |   172 |   243 ||   526
    Use: Scroll            |     1 |     3 |       ||     4
         Potion            |       |     1 |     1 ||     2
 Armour: Scale mail        |    49 |       |       ||    49
         Plate armour      |     3 |   126 |   262 ||   391
  Dodge: Dodged            |    58 |    51 |    97 ||   206
  Block: Buckler           |    23 |    33 |    50 ||   106
